AoeStats
← Iguano Pop

Arabia

505757573Analyzed
2v2 RM · 22d ago on Sep 10, 2026· 41m 15s· 4 players
Game mode
Random Map
Map size
Medium (4 player)
Population
200
Speed
Normal
Resources
Standard
Victory
Conquest
Starting age
Dark Age
Ending age
Imperial Age
RankedLock teamsTeams togetherTeam positionsShared explorationLock speedFull tech treeHidden civsTurbo modeCheats
Victory
Defeat
🇪🇸 Franks · Spain
1271
+16
🇪🇸 Vietnamese · Spain
1268
+16
🇲🇽 Lithuanians · Mexico
1345
-19
🇨🇱 Maya · Chile
1195
-13
javier_amador24
5:55 Loom
9:19 Feudal Age
10:19 Double-Bit Axe
20:02 Castle Age
18:58 Forging
18:54 Scale Barding Armor
20:20 Wheelbarrow
20:49 Husbandry
21:07 Gold Mining
23:50 Bow Saw
29:47 Fletching
30:47 Stone Mining
37:26 Imperial Age
34:44 Town Watch
37:29 Chain Barding Armor
37:44 Iron Casting
38:06 Hand Cart
37:48 Cavalier
39:39 Gold Shaft Mining
nico el ruso
6:58 Loom
9:47 Feudal Age
9:50 Man-at-Arms
17:17 Double-Bit Axe
23:31 Castle Age
22:33 Horse Collar
22:45 Gold Mining
23:28 Fletching
23:38 Padded Archer Armor
23:38 Crossbowman
26:39 Bodkin Arrow
27:22 Wheelbarrow
26:33 Town Watch
27:25 Bow Saw
27:06 Stone Mining
27:18 Heavy Plow
29:24 Scale Mail Armor
29:48 Forging
31:17 Thumb Ring
34:55 Hand Cart
38:55 Ballistics
40:02 Bloodlines
39:53 Husbandry
Iguano Pop
5:51 Loom
9:04 Feudal Age
10:53 Double-Bit Axe
20:18 Forging
28:00 Castle Age
26:33 Gold Mining
26:25 Horse Collar
27:07 Bloodlines
27:05 Scale Barding Armor
28:31 Wheelbarrow
31:55 Town Watch
32:31 Chain Barding Armor
33:52 Husbandry
34:40 Iron Casting
37:28 Devotion
rodrigolaramol96
9:34 Loom
11:33 Feudal Age
12:46 Double-Bit Axe
13:54 Wheelbarrow
13:51 Horse Collar
15:17 Gold Mining
15:18 Stone Mining
17:28 Fletching
17:39 Padded Archer Armor
21:50 Castle Age
21:00 Forging
20:51 Scale Mail Armor
22:06 Crossbowman
22:42 Bodkin Arrow
22:32 Pikeman
25:17 Squires
28:30 Thumb Ring
29:53 Stone Shaft Mining
34:21 Heavy Plow
37:33 Leather Archer Armor
40:14 Imperial Age
38:31 Ballistics
39:04 Hand Cart
39:24 Treadmill Crane
39:56 Masonry
39:28 Treadmill Crane
41:22 Conscription
Connection lost

Rejoining the realm…

Still unreachable

The connection could not be restored.

Session expired

The server has moved on; the page needs a fresh start.